 Dungeon Crawl Stone Soup version 0.31.0-9-g3a7656b989 (webtiles) character file.

Game seed: 9777968482532323578

81 qw the Shooter (level 4, -4/22 HPs)
             Began as a Spriggan Hunter on Feb 2, 2024.
             Slain by Terence
             ... wielding a +4 mace
              (7 damage)
             ... on level 3 of the Dungeon.
             The game lasted 00:00:06 (1883 turns).

qw the Shooter (Spriggan Hunter)                    Turns: 1883, Time: 00:00:06

Health: -4/22      AC:  2    Str:  7    XL:     4   Next: 20%
Magic:  5/5        EV: 20    Int: 10    God:
Gold:   184        SH:  0    Dex: 20    Spells: 3/3 levels left

rFire   . . .        a - +0 shortbow
rCold   . . .        (shield currently unavailable)
rNeg    . . .        c - +0 robe
rPois   +            (helmet restricted)
rElec   .            (no cloak)
rCorr   .            (gloves unavailable)
SInv    +            (boots unavailable)
Will    .....        (no amulet)
Stlth   ++           e - ring of poison resistance
HPRegen 0.23/turn    (no ring)
MPRegen 0.09/turn

%: no passive effects
@: very quick
A: very small, no large weapons, unfitting armour, see invisible, speed 3
a: no special abilities


You were on level 3 of the Dungeon.
You visited 1 branch of the dungeon, and saw 3 of its levels.

You collected 184 gold pieces.


Innate Abilities, Weirdness & Mutations

You are very small and have problems with some larger weapons.
You are too small for most types of armour.
You have supernaturally acute eyesight. (SInv)
You cover ground extremely quickly. (Speed+++)


   Skills:
 - Level 1.5 Fighting
 - Level 5.0 Ranged Weapons
 + Level 4.6 Dodging
 - Level 1.5 Stealth


You had 3 spell levels left.
You didn't know any spells.
Your spell library was empty.

Inventory:

Hand Weapons
 a - a +0 shortbow (weapon)
Armour
 c - a +0 robe (worn)
Jewellery
 e - a ring of poison resistance (left hand)
Scrolls
 d - a scroll of identify
 j - a scroll of blinking {unknown}
Potions
 b - a potion of heal wounds {unknown}
 f - 2 potions of haste
 g - a potion of curing
 h - a potion of ambrosia {unknown}
 i - a potion of might {unknown}

Dungeon Overview and Level Annotations

Branches:
Dungeon (3/15)

Altars:
Hepliaklqana

Annotations:
D:3 Terence


Message History

You now have 137 gold pieces (gained 2).
Found a stone staircase leading up.
You now have 149 gold pieces (gained 12).
Enter note:
Enter note:
Enter note:
j - a scroll labelled YMUSUZ BEFO
There is a stone staircase leading down here.
A kobold comes into view. It is wielding a +0 whip.
You shoot an arrow.
The arrow hits the kobold but does no damage.
You shoot an arrow. The arrow hits the kobold.
You kill the kobold!
You see here a +0 whip.
You see here a +0 whip.
There is a stone staircase leading up here.
You now have 164 gold pieces (gained 15).
You now have 184 gold pieces (gained 20).
Terence the Incautious comes into view.
He is wielding a +4 mace and wearing a +0 scale mail of willpower.
You shoot an arrow. The arrow hits Terence.
Terence shouts!
Terence is lightly wounded.
You shoot an arrow.
The arrow hits Terence but does no damage.
Terence is lightly wounded.
You shoot an arrow.
The arrow hits Terence but does no damage.
Terence is lightly wounded.
Terence misses you. Terence hits you with a +4 mace!
You shoot an arrow. The arrow closely misses Terence.
Terence hits you with a +4 mace!
Ouch! That really hurt!
You shoot an arrow. The arrow hits Terence!
Terence is heavily wounded.
Terence barely misses you.
You shoot an arrow. The arrow hits Terence.
Terence is severely wounded.
Terence hits you with a +4 mace!
You die...
Terence says, "Time to find some more victims."

.#..(...#..#
.#....###..####
.#.#+## #.....#
.#.#.####..##.# ##
.#.#.......# >. .#
##.######.#######.#
...#...........# .#
####.####.####.##@#
.###.#.......#..@.#
..##.#.#..........#
#..#.#.#..##.###.##
##.#.#.#..##.###.#
.....#.#..##...#.#
###..#.#.....#.#.##
.<.)...##.##.#....#
##.........#)###..#
.....<............#


You could see Terence.

Vanquished Creatures
  A gnoll (D:1)
  An adder (D:3)
  A dart slug (D:3)
  A ribbon worm (D:2)
  An orc (D:3)
  2 ball pythons
  5 endoplasms
  2 giant cockroaches
  5 goblins
  5 hobgoblins
  11 kobolds
  7 bats
  14 frilled lizards
  3 rats (D:2)
59 creatures vanquished.

Notes
Turn   | Place    | Note
-------+----------+-------------------------------------------
     0 | D:1      | qw the Spriggan Hunter began the quest for the Orb.
     0 | D:1      | Reached XP level 1. HP: 10/10 MP: 2/2
     0 | D:1      | 0 ||| qw: Version: 0.3-a-155-g5e7d8dd
     0 | D:1      | 0 ||| qw: Game counter: 1660
     0 | D:1      | 0 ||| qw: Melee chars always use a shield: true
     0 | D:1      | 0 ||| qw: God list: Okawaru
     0 | D:1      | 0 ||| qw: Allow faded altars: false
     0 | D:1      | 0 ||| qw: Do Orc after clearing Dungeon:15 true
     0 | D:1      | 0 ||| qw: Do second Lair branch before Depths: true
     0 | D:1      | 0 ||| qw: Lair rune preference: random
     0 | D:1      | 0 ||| qw: Goals: Normal
     0 | D:1      | 0 ||| PLANNING D:1-11
    34 | D:1      | Reached skill level 3 in Dodging
    49 | D:1      | HP: 1/10 [gnoll/+0 spear (4)]
    55 | D:1      | Reached XP level 2. HP: 3/14 MP: 3/3
   209 | D:1      | Found a faded altar of an unknown god.
   421 | D:1      | Reached XP level 3. HP: 18/18 MP: 4/4
   627 | D:1      | 627 ||| UPGRADING to ring of poison resistance.
   628 | D:1      | 628 ||| READING 2 scrolls labelled GUF XIUMOW.
   628 | D:1      | 628 ||| IDENTIFYING blue potion
   629 | D:1      | 629 ||| READING scroll of identify.
   629 | D:1      | 629 ||| IDENTIFYING 2 murky dark potions
   630 | D:1      | 630 ||| DROPPING scroll of butterflies.
  1172 | D:2      | Reached skill level 5 in Ranged Weapons
  1446 | D:2      | 1446 ||| READING scroll labelled HIMUAD JEYL.
  1481 | D:2      | 1481 ||| READING scroll labelled HIH VABUUSMU.
  1519 | D:3      | Found a hazy altar of Hepliaklqana.
  1604 | D:3      | Reached XP level 4. HP: 22/22 MP: 5/5
  1877 | D:3      | Noticed Terence
  1881 | D:3      | HP: 2/22 [Terence/+4 mace (11)]
  1883 | D:3      | Slain by Terence

Levels and vault maps discovered:
D:1:      saegor_arrival_simple_b, layout_loops_cross,
          hellmonk_ecumenical_altar_blasted
D:2:      layout_basic, minmay_lizard_king
D:3:      layout_basic, mainiacjoe_overflow_catwalk, uniq_terence, uniq_grinder

Skill      XL: |  1  2  3 |
---------------+----------+-----
Dodging        | 4 |  4.6
Ranged Weapons | 5 |  5.0
Fighting       | |  1.5
Stealth        | |  1.5

Action                     |  1- 3 |  4- 6 || total
---------------------------+-------+-------++-------
   Fire: Shortbow          |   136 |    20 ||   156
    Use: Scroll            |     4 |       ||     4
 Armour: Robe              |    15 |     3 ||    18
  Dodge: Dodged            |    50 |     2 ||    52

Table legend:
 A = Non-vault XP
 B = Vault XP
 C = Vault XP percentage of total XP
 D = Non-vault monster count
 E = Vault monster count
 F = Vault count percentage of total count
                 A         B        C        D         E       F
            +---------+---------+-------+---------+---------+-------
      Total |     106 |      11 |   9.4 |      48 |      11 |  18.6
            +---------+---------+-------+---------+---------+-------
        D:1 |      46 |       0 |   0.0 |      20 |       0 |   0.0
        D:2 |      29 |      11 |  27.5 |      18 |      11 |  37.9
        D:3 |      31 |       0 |   0.0 |      10 |       0 |   0.0
            +---------+---------+-------+---------+---------+-------
